 Dungeon Crawl Stone Soup version 0.23.2-11-gf996548c65 (webtiles) character file.

Game seed: 14897890201616860697

1661 diana the Cudgeler (level 9, -1/56 HPs)
             Began as a Gargoyle Fighter on June 5, 2019.
             Slain by Harold
             ... wielding a +5 scimitar of slicing
              (17 damage)
             ... on level 7 of the Dungeon.
             The game lasted 00:10:18 (6114 turns).

diana the Cudgeler (Gargoyle Fighter)               Turns: 6114, Time: 00:10:19

Health: -1/56      AC: 20    Str: 32    XL:     9   Next: 0%
Magic:  9/9        EV:  6    Int:  9    God:
Gold:   358        SH:  0    Dex: 10    Spells: 8/8 levels left

rFire    + . .     SeeInvis .   p - +2 morningstar (drain)
rCold    + . .     Gourm    .   c - +0 shield
rNeg     + . .     Faith    .   a - +4 ring mail of the Cricket {rPois rC+ Str+5 Stlth-}
rPois    ∞         Spirit   .   D - +0 helmet
rElec    +         Reflect  .   C - +0 cloak
rCorr    .         Harm     .   (no gloves)
MR       .....                  q - +0 pair of boots
Stlth    ..........             w - amulet of magic regeneration
HPRegen  0.18/turn              u - ring of protection from fire
MPRegen  0.36/turn              o - +1 ring of evasion

@: mighty, held
A: negative energy resistance 1, electricity resistance, unbreathing,
petrification resistance, rot immunity, AC +6
a: no special abilities


You were on level 7 of the Dungeon.
You were very hungry.

You visited 2 branches of the dungeon, and saw 8 of its levels.

You collected 358 gold pieces.

Inventory:

Hand Weapons
 p - a +2 morningstar of draining (weapon)
 y - a +1 flail of holy wrath
Armour
 a - the +4 ring mail of the Cricket (worn) {rPois rC+ Str+5 Stlth-}
   (You found it on level 7 of the Dungeon)

   It affects your strength (+5).
   It protects you from cold.
   It protects you from poison.
   It makes you less stealthy.
 c - a +0 shield (worn)
 e - a +0 chain mail
 q - a +0 pair of boots (worn)
 C - a +0 cloak (worn)
 D - a +0 helmet (worn)
Jewellery
 n - an uncursed ring of stealth
 o - a +1 ring of evasion (right hand)
 u - a ring of protection from fire (left hand)
 w - an amulet of magic regeneration (around neck)
Scrolls
 g - a scroll of magic mapping {unknown}
 h - 2 scrolls of teleportation {unknown}
 i - 5 scrolls of identify
 k - 3 scrolls of enchant weapon
 m - a scroll of fog
 r - a scroll of blinking {unknown}
 t - a scroll of enchant armour {unknown}
 v - a scroll of amnesia {unknown}
 x - a scroll of immolation {unknown}
 A - a scroll of random uselessness {unknown}
 B - 3 scrolls of remove curse
Potions
 b - a potion of degeneration {unknown}
 j - 5 potions of curing
 l - 2 potions of lignification
 s - a potion of flight {unknown}
 z - a potion of heal wounds {unknown}
Comestibles
 f - 8 rations


   Skills:
 + Level 6.3 Fighting
 * Level 7.3 Maces & Flails
 + Level 6.3 Armour
 + Level 6.3 Shields


You had 8 spell levels left.
You didn't know any spells.
Your spell library was empty.

Dungeon Overview and Level Annotations

Branches:
Dungeon (7/15)             Temple (1/1) D:5

Altars:
Ashenzari
Cheibriados
Fedhas
Gozag
Hepliaklqana
Kikubaaqudgha
Nemelex Xobeh
Qazlal
Ru
Sif Muna
Trog
Uskayaw
Vehumet
Wu Jian
Xom
Beogh

Shops:
D:6 (

Annotations:
D:3 1 runed translucent door, cab's ghost, novice GrEE
D:7 Harold


Innate Abilities, Weirdness & Mutations

You are resistant to torment.
Your stone body is resilient. (AC +6)
You are immune to poison.
You resist negative energy. (rN+)
You are resistant to electric shocks. (rElec)
You can survive without breathing.
You are immune to petrification.
You are immune to rotting.


Message History

The orc warrior hits you from afar with a +0 glaive!
Unknown command.
Okay, then.
You tear a large gash into the net.
Harold zaps a wand.
You resist with some effort.
The orc wizard casts a spell.
The orc wizard blinks!
You struggle against the net.
The orc warrior hits you but does no damage.
Harold hits you with a +5 scimitar of slicing!
You struggle against the net.
The orc priest calls down the wrath of Beogh upon you.
Beogh smites you!
* * * LOW HITPOINT WARNING * * *
The orc warrior barely misses you.
You hear a shout!
Unknown command.
You feel very mighty all of a sudden.
Harold hits you with a +5 scimitar of slicing!
You die...

## #.........#.........#
....##....................
...............#.........#
.....#.........#.........# .
.......<.......#.........#####(
######.......................†.
#.#.....###............(.#
#.####.####l.#....<...(..#
#........@@oo........(#...
....###.#####........(.##.. ..#
#.. ##.o...o)..# .. .. ...
#....H.##..... .....
...#@.........# #.....
............... #.<....
o.............. #...
..#....:....... oo.#...........


You could see Harold, an orc warrior, an orc priest, an orc and a leopard gecko.

Vanquished Creatures
  Duvessa (D:5)
  2 sky beasts
  A centaur (D:7)
  Dowan (D:5)
  2 scorpions
  A crimson imp (D:2)
  A jelly (D:6)
  2 hounds
  A centaur skeleton (D:4)
  11 orc priests
  4 orc wizards
  Crazy Yiuf (D:5)
  2 iguanas
  Natasha (thrice) (D:4)
  4 worker ants
  3 adders
  13 gnolls
  An ooze (D:1)
  An adder zombie (D:5)
  3 worms
  3 dart slugs
  7 leopard geckos
  28 orcs
  3 ball pythons
  11 giant cockroaches
  11 goblins
  7 hobgoblins
  2 quokkas
  6 bats
  6 frilled lizards
  A jackal skeleton (D:5)
  14 kobolds
  A leopard gecko skeleton (D:4)
  9 rats
  A fungus (D:5)
168 creatures vanquished.

Notes
Turn   | Place    | Note
-------+----------+-------------------------------------------
     0 | D:1      | diana the Gargoyle Fighter began the quest for the Orb.
     0 | D:1      | Reached XP level 1. HP: 14/14 MP: 1/1
    59 | D:1      | Reached XP level 2. HP: 10/19 MP: 2/2
   520 | D:1      | Reached XP level 3. HP: 23/23 MP: 3/3
  1135 | D:2      | Reached skill level 3 in Maces & Flails
  1135 | D:2      | Reached XP level 4. HP: 27/29 MP: 4/4
  1165 | D:2      | Found a shattered altar of Ashenzari.
  1247 | D:2      | You fall through a shaft for 2 floors!
  1323 | D:3      | Found a runed translucent door.
  1402 | D:3      | Noticed cab's ghost (novice GrEE)
  1589 | D:3      | Reached XP level 5. HP: 10/33 MP: 5/5
  1921 | D:3      | Found a snail-covered altar of Cheibriados.
  2050 | D:3      | Reached skill level 4 in Maces & Flails
  2671 | D:2      | Reached XP level 6. HP: 38/38 MP: 6/6
  3293 | D:4      | Found a roughly hewn altar of Beogh.
  3309 | D:4      | HP: 1/39 [orc priest/divine providence (9)]
  3627 | D:5      | Entered Level 5 of the Dungeon
  3716 | D:4      | Reached XP level 7. HP: 44/44 MP: 7/7
  3789 | D:4      | Reached skill level 5 in Maces & Flails
  3865 | D:4      | Noticed Natasha
  3886 | D:4      | Killed Natasha
  3911 | D:4      | Found a blossoming altar of Fedhas.
  3915 | D:4      | Noticed Natasha
  3919 | D:4      | Killed Natasha
  3919 | D:4      | Reached skill level 5 in Armour
  4051 | D:4      | Found a bloodstained altar of Trog.
  4234 | D:4      | Reached skill level 5 in Shields
  4273 | D:4      | Reached skill level 5 in Fighting
  4368 | D:4      | Noticed Natasha
  4380 | D:4      | Killed Natasha
  4607 | D:5      | Found a sacrificial altar of Ru.
  4745 | D:5      | Found a staircase to the Ecumenical Temple.
  4757 | Temple   | Entered the Ecumenical Temple
  4861 | D:5      | Noticed Dowan
  4897 | D:5      | Killed Dowan
  4897 | D:5      | Reached XP level 8. HP: 48/49 MP: 8/8
  4949 | D:5      | Noticed Duvessa
  4962 | D:5      | Killed Duvessa
  4962 | D:5      | Reached skill level 6 in Maces & Flails
  5323 | D:5      | Found a runed translucent door.
  5324 | D:5      | Noticed Crazy Yiuf
  5328 | D:5      | Killed Crazy Yiuf
  5747 | D:6      | Found Nyvepu's Weapon Shoppe.
  5947 | D:6      | Reached skill level 7 in Maces & Flails
  6040 | D:7      | Noticed a hippogriff
  6082 | D:7      | Got an ichor-stained ring mail
  6093 | D:7      | Identified the +4 ring mail of the Cricket {rPois rC+ Str+5
                  | Stlth-} (You found it on level 7 of the Dungeon)
  6100 | D:7      | Reached XP level 9. HP: 51/55 MP: 9/9
  6101 | D:7      | Noticed Harold
  6114 | D:7      | Slain by Harold

Skill      XL: |  1  2  3  4  5  6  7  8 |
---------------+-------------------------+-----
Maces & Flails | 3 4 5 7 |  7.3
Armour         | 4 5 6 |  6.3
Fighting       | 4 5 6 |  6.3
Shields        | 4 5 6 |  6.3

Action                   |  1- 3 |  4- 6 |  7- 9 || total
-------------------------+-------+-------+-------++-------
Melee: Flail             |   150 |   248 |    34 ||   432
       Morningstar       |       |       |   198 ||   198
  Use: Scroll            |       |     5 |       ||     5
       Potion            |       |     4 |     2 ||     6
  Eat: Chunk             |       |     4 |     6 ||    10
       Ration            |       |     2 |       ||     2
Armor: Scale mail        |    82 |   129 |       ||   211
       Chain mail        |       |    20 |   111 ||   131
       Skin              |       |       |     9 ||     9
       Ring mail         |       |       |     2 ||     2
Dodge: Dodged            |    53 |    83 |    44 ||   180
Block: Shield            |    95 |   146 |   114 ||   355
